[Event "Titled Tuesday Blitz December 27 Late 2022"]
[White "Msellek, Ilyass"]
[Black "Li, Hui"]
[WhiteFideId "675938"]
[BlackFideId "15400310"]
[WhiteElo "2420"]
[BlackElo "1963"]
[Result "1-0"]
[Round "01"]
[TimeControl "180+2"]
[Date "2022.12.27"]
[WhiteClock "0:00:07"]
[BlackClock "0:00:01"]

1. d4 Nf6 2. Nf3 d5 3. g3 e6 4. Bg2 Be7 5. O-O O-O 6. b3 b6 7. Bb2 Bb7 8. c4 Nbd7 9. Nbd2 c5 10. cxd5 Bxd5 11. Re1 cxd4 12. Bxd4 Ne4 13. Qc2 Nxd2 14. Qxd2 Bf6 15. e4 Bb7 16. e5 Be7 17. Rad1 Nc5 18. Qb2 Qc7 19. Rc1 Qb8 20. Qb1 Rd8 21. b4 Nd7 22. h4 h6 23. h5 Nf8 24. Red1 Bd5 25. Be3 Qb7 26. Ne1 Bxg2 27. Nxg2 Rac8 28. Nf4 Rxc1 29. Rxc1 Rc8 30. Rd1 Rd8 31. Rxd8 Bxd8 32. Qd3 Qd7 33. Qc2 Qc7 34. Qa4 Qd7 35. b5 Bg5 36. Ng2 Bxe3 37. Nxe3 Qd2 38. Qxa7 Qc1+ 39. Kg2 Qc5 40. a4 g6 41. hxg6 Nxg6 42. Qa8+ Kg7 43. Qc6 Qd4 44. Nc4 Nxe5 45. Nxe5 Qxe5 46. Qxb6 Qe4+ 47. Kh2 Qc2 48. a5 h5 49. Qd4+ Kg8 50. a6 Qa2 51. a7 h4 52. gxh4 e5 53. Qd8+ Kg7 54. Qg5+ Kh7 55. Qe3 1-0


[Site "https://www.chess.com"]

[Event "Titled Tuesday Blitz December 27 Late 2022"]
[White "Myers, Dominique"]
[Black "Sargsyan, Anna M."]
[WhiteFideId "2041715"]
[BlackFideId "13308130"]
[WhiteElo "2042"]
[BlackElo "2375"]
[Result "0-1"]
[Round "01"]
[TimeControl "180+2"]
[Date "2022.12.27"]
[WhiteClock "0:00:37"]
[BlackClock "0:00:19"]

1. e4 c6 2. d4 d5 3. exd5 cxd5 4. Bd3 Nc6 5. c3 Nf6 6. Bf4 Bg4 7. Qb3 e5 8. dxe5 Nh5 9. Be3 Nxe5 10. Bc2 Be7 11. Nd2 O-O 12. h3 Be6 13. Bd4 Nc6 14. Ndf3 Re8 15. Ne2 Na5 16. Qb5 Nc4 17. O-O a6 18. Qb3 Qc8 19. Bd3 Bxh3 20. gxh3 Qxh3 21. Bxc4 dxc4 22. Qxb7 Bd6 23. Rfe1 Rab8 24. Qc6 Re6 25. Ng3 Nxg3 26. fxg3 Qxg3+ 27. Kf1 Qh3+ 28. Kg1 Bh2+ 29. Nxh2 Rxc6 30. Re3 Qh4 31. Rae1 h5 32. R1e2 Rg6+ 33. Kh1 a5 34. Re4 Qg5 35. Nf3 Qc1+ 36. Re1 Qxb2 37. R4e2 Qa3 38. Ne5 Rg3 39. Kh2 h4 40. Rf2 Rb2 41. Ree2 Rxe2 42. Rxe2 Qc1 43. Bf2 Qxc3 44. Nc6 Rg4 45. Ne7+ Kh7 46. Nd5 Qf3 47. Rd2 c3 48. Nxc3 Qxc3 49. Re2 h3 50. Re3 Qxe3 51. Bxe3 Rg2+ 52. Kxh3 Rxa2 53. Bb6 a4 54. Bc5 Rb2 55. Kg3 Rb3+ 56. Kf2 a3 57. Ke2 a2 58. Bd4 Rb1 59. Kd2 a1=Q 60. Bxa1 Rxa1 61. Ke3 Ra6 62. Kf4 Rf6+ 63. Kg4 g6 64. Kg5 Kg7 65. Kh4 Rf5 66. Kg4 Kf6 67. Kh4 Ke5 68. Kg3 Ke4 69. Kg4 f6 70. Kh4 Kf3 71. Kh3 Rh5# 0-1


[Site "https://www.chess.com"]

[Event "Titled Tuesday Blitz December 27 Late 2022"]
[White "Osinenko, Anton"]
[Black "Theodorou, Nikolas"]
[WhiteFideId "4158970"]
[BlackFideId "4262875"]
[WhiteElo "2203"]
[BlackElo "2591"]
[Result "1/2-1/2"]
[Round "01"]
[TimeControl "180+2"]
[Date "2022.12.27"]
[WhiteClock "0:00:49"]
[BlackClock "0:00:17"]

1. e4 c5 2. Nf3 Nc6 3. c3 e5 4. d4 cxd4 5. cxd4 exd4 6. Nxd4 Nf6 7. Nxc6 dxc6 8. Qxd8+ Kxd8 9. Nc3 Be6 10. Bf4 Bb4 11. O-O-O+ Ke7 12. f3 h6 13. a3 Ba5 14. Bd6+ Ke8 15. b4 Bb6 16. Kb2 Rd8 17. Be2 Nd7 18. Na4 Be3 19. Rd3 Nb6 20. Nxb6 Bxb6 21. Rhd1 Bc4 22. R3d2 Bxe2 23. Rxe2 f6 24. Red2 Kf7 25. Bf4 Rxd2+ 26. Rxd2 Ke6 27. Kc3 g5 28. Bg3 h5 29. h3 Rg8 30. Kc4 g4 31. hxg4 hxg4 32. f4 f5 33. e5 Rd8 34. Rxd8 Bxd8 35. Bf2 b5+ 36. Kd3 a5 37. g3 Kd5 38. Bc5 Bc7 39. Ke3 Bd8 40. Kd3 a4 41. Ke3 Bc7 42. Kd3 Bb8 43. Ke3 Bc7 44. Kd3 Bd8 45. Ke3 Bc7 1/2-1/2


[Site "https://www.chess.com"]

[Event "Titled Tuesday Blitz December 27 Late 2022"]
[White "Ozdemir, Serhan Berat"]
[Black "Aung Thant Zin"]
[WhiteFideId "6374611"]
[BlackFideId "13000063"]
[WhiteElo "2223"]
[BlackElo "2268"]
[Result "1-0"]
[Round "01"]
[TimeControl "180+2"]
[Date "2022.12.27"]
[WhiteClock "0:00:10"]
[BlackClock "0:00:06"]

1. e4 c5 2. Nf3 Nc6 3. Bb5 e6 4. O-O Nge7 5. d4 cxd4 6. Nxd4 a6 7. Be2 Ng6 8. Be3 Be7 9. Nc3 O-O 10. f4 b5 11. Nxc6 dxc6 12. Qxd8 Rxd8 13. e5 c5 14. Bf3 Rb8 15. Rad1 Bd7 16. Ne4 c4 17. Nd6 Bxd6 18. Rxd6 Be8 19. Rxa6 Ne7 20. Rd6 Nd5 21. Bxd5 exd5 22. Bc5 Rxd6 23. Bxd6 Rc8 24. c3 Bd7 25. Kf2 Bf5 26. Ke3 Ra8 27. a3 Be4 28. g4 g6 29. Kd4 Bg2 30. Rf2 Be4 31. h4 h5 32. gxh5 gxh5 33. f5 Kh7 34. Be7 Rg8 35. Bg5 Rc8 36. e6 fxe6 37. fxe6 Re8 38. e7 Kg6 39. Ke5 Kg7 40. Ke6 Bh1 41. Kd7 Rxe7+ 42. Kxe7 Kg6 43. Rf6+ Kg7 44. Rf7+ Kg6 45. Rf1 Kg7 46. Rxh1 Kg6 47. Rf1 d4 48. cxd4 Kg7 49. d5 Kg6 50. d6 Kg7 51. d7 Kg6 52. d8=Q Kg7 53. Qf8+ Kg6 54. Rf6+ Kh7 55. Rh6# 1-0


[Site "https://www.chess.com"]

[Event "Titled Tuesday Blitz December 27 Late 2022"]
[White "Papayan, Oleg"]
[Black "Lobanov, Sergei"]
[WhiteFideId "4193911"]
[BlackFideId "24183750"]
[WhiteElo "2253"]
[BlackElo "2536"]
[Result "0-1"]
[Round "01"]
[TimeControl "180+2"]
[Date "2022.12.27"]
[WhiteClock "0:00:02"]
[BlackClock "0:00:24"]

1. e4 e5 2. Nf3 Nc6 3. Bb5 a6 4. Bxc6 dxc6 5. O-O Qf6 6. d4 exd4 7. Bg5 Qg6 8. Qxd4 Be7 9. Bxe7 Nxe7 10. Nc3 O-O 11. Ne5 Qf6 12. Rad1 Ng6 13. Nxg6 hxg6 14. Qxf6 gxf6 15. f3 Be6 16. Rd2 Rfd8 17. Rfd1 Rxd2 18. Rxd2 Kf8 19. Kf2 Ke7 20. Ke3 b5 21. h4 a5 22. a3 Rb8 23. b4 Ra8 24. Kd4 Rd8+ 25. Ke3 Rh8 26. g3 axb4 27. axb4 Ra8 28. Kd4 Bc4 29. g4 Ra1 30. Kc5 Ra3 31. Ne2 Rxf3 32. Nd4 Rf4 33. Nxc6+ Kf8 34. Rd8+ Kg7 35. Na5 Rxe4 36. Nxc4 Rxc4+ 37. Kxb5 Rxc2 38. Rc8 f5 39. gxf5 gxf5 40. Ka6 f4 41. b5 f3 42. b6 Ra2+ 43. Kb7 cxb6 44. Kxb6 f2 45. Rc1 Kf6 46. Rf1 Kf5 47. Kc5 Kg4 48. Kd4 Kxh4 49. Ke3 Kg3 50. Ke4 Kg2 0-1


[Site "https://www.chess.com"]

[Event "Titled Tuesday Blitz December 27 Late 2022"]
[White "Paspuel, Trosky"]
[Black "Tanenbaum, Zachary"]
[WhiteFideId "3602150"]
[BlackFideId "2060850"]
[WhiteElo "1721"]
[BlackElo "2261"]
[Result "0-1"]
[Round "01"]
[TimeControl "180+2"]
[Date "2022.12.27"]
[WhiteClock "0:00:44"]
[BlackClock "0:02:06"]

1. c4 e5 2. g3 Nf6 3. Bg2 Nc6 4. Nc3 Bc5 5. e3 O-O 6. Nge2 Re8 7. O-O d6 8. d4 Bb6 9. b3 Bg4 10. h3 Bh5 11. g4 Bg6 12. Bb2 exd4 13. exd4 h6 14. f4 Be4 15. Nxe4 Nxe4 16. Qd3 Nb4 17. Qd1 Qh4 18. a3 Nc6 19. Qd3 Nf6 20. Ng3 Nxd4 21. Kh2 Re3 22. Qxe3 Nxg4+ 0-1


[Site "https://www.chess.com"]

[Event "Titled Tuesday Blitz December 27 Late 2022"]
[White "Peatman, Carter"]
[Black "Holt, Conrad"]
[WhiteFideId "2096480"]
[BlackFideId "2034387"]
[WhiteElo "1998"]
[BlackElo "2540"]
[Result "0-1"]
[Round "01"]
[TimeControl "180+2"]
[Date "2022.12.27"]
[WhiteClock "0:00:05"]
[BlackClock "0:00:15"]

1. d4 d5 2. Bf4 c5 3. e3 Nc6 4. c3 e6 5. Nd2 Bd6 6. Bg3 e5 7. dxe5 Bxe5 8. Ngf3 Bxg3 9. hxg3 Nf6 10. Bd3 Qe7 11. Qe2 Bg4 12. Bb5 a6 13. Ba4 b5 14. Bc2 d4 15. cxd4 cxd4 16. e4 O-O 17. Bd3 Rfe8 18. O-O Qb4 19. Rab1 Rad8 20. a3 Qd6 21. Rfc1 Ne5 22. Qf1 Nfd7 23. a4 Nxd3 24. Qxd3 Nc5 25. Qa3 Nxa4 26. Qxd6 Rxd6 27. Nb3 Bxf3 28. gxf3 g6 29. Nc5 d3 30. Nxa4 bxa4 31. Rd1 Rb8 32. Ra1 Rxb2 33. Rxa4 Rc6 34. Rxd3 Rcc2 35. Rxa6 Rxf2 36. g4 Rfc2 37. Rad6 g5 38. Rd1 Kg7 39. R6d5 h6 40. R1d3 Rg2+ 41. Kf1 Rh2 42. Kg1 Rbg2+ 43. Kf1 Ra2 44. Kg1 Rhb2 45. Rd1 Rb3 46. Rf5 Rbb2 47. Rc1 Rg2+ 48. Kf1 Kg6 49. Rb1 Rh2 50. Kg1 h5 51. gxh5+ Rxh5 52. Rf1 Rh3 53. Rb1 Rg3+ 54. Kf1 Rh3 55. Kg1 f6 56. Rc5 Rg3+ 57. Kf1 Rxf3+ 58. Ke1 Re3+ 59. Kf1 Rxe4 60. Rc3 Rf4+ 61. Kg1 Raa4 62. Re1 Rg4+ 63. Kf1 Raf4+ 64. Ke2 Re4+ 65. Kd2 Rxe1 66. Kxe1 Rf4 67. Ke2 Kh5 68. Rg3 Kh4 69. Rg1 g4 70. Rh1+ Kg3 71. Ke3 Rf3+ 72. Ke2 f5 73. Rg1+ Kh2 74. Rc1 Kg2 75. Rc6 f4 76. Rh6 Rf2+ 77. Ke1 g3 78. Rg6 f3 79. Rxg3+ Kxg3 0-1


[Site "https://www.chess.com"]

[Event "Titled Tuesday Blitz December 27 Late 2022"]
[White "Perez Ponsa, Federico"]
[Black "Lorenzo De La Riva, Lazaro"]
[WhiteFideId "117927"]
[BlackFideId "2268809"]
[WhiteElo "2532"]
[BlackElo "2404"]
[Result "1-0"]
[Round "01"]
[TimeControl "180+2"]
[Date "2022.12.27"]
[WhiteClock "0:01:26"]
[BlackClock "0:00:38"]

1. e4 c5 2. Nf3 e6 3. c3 Nf6 4. e5 Nd5 5. d4 cxd4 6. cxd4 d6 7. Bc4 Nc6 8. O-O Be7 9. Qe2 O-O 10. Rd1 Bd7 11. Bb3 Rc8 12. Na3 Na5 13. Bxd5 exd5 14. Bf4 dxe5 15. dxe5 Bxa3 16. bxa3 Be6 17. Nd4 Nc4 18. Rab1 b6 19. Rb3 Qh4 20. Bg3 Qe7 21. Qh5 Qd7 22. h3 Rc5 23. Bh4 f5 24. exf6 gxf6 25. Rg3+ Kh8 26. Qh6 1-0


[Site "https://www.chess.com"]

[Event "Titled Tuesday Blitz December 27 Late 2022"]
[White "Pinheiro, Iung Alicio de O."]
[Black "Liu, Casper"]
[WhiteFideId "2104350"]
[BlackFideId "1454153"]
[WhiteElo "2306"]
[BlackElo "2278"]
[Result "0-1"]
[Round "01"]
[TimeControl "180+2"]
[Date "2022.12.27"]
[WhiteClock "0:00:02"]
[BlackClock "0:01:25"]

1. e4 d5 2. exd5 Nf6 3. d4 Nxd5 4. Nf3 Nf6 5. c4 Bg4 6. Nbd2 e6 7. h3 Bh5 8. Qb3 Nc6 9. Qxb7 Nb4 10. Qb5+ c6 11. Qa4 Bg6 12. Ne5 Nc2+ 13. Kd1 Nxa1 14. Qxc6+ Nd7 15. Nxd7 Rc8 16. Nf6+ Ke7 17. Qb7+ Kxf6 18. b3 Nc2 19. Bb2 Ba3 20. Bc3 Nxd4 21. Nf3 e5 0-1


[Site "https://www.chess.com"]

[Event "Titled Tuesday Blitz December 27 Late 2022"]
[White "Poliakova, Varvara"]
[Black "Bach, Matthias"]
[WhiteFideId "13518313"]
[BlackFideId "4603168"]
[WhiteElo "2010"]
[BlackElo "2214"]
[Result "0-1"]
[Round "01"]
[TimeControl "180+2"]
[Date "2022.12.27"]
[WhiteClock "0:00:06"]
[BlackClock "0:00:34"]

1. e4 e5 2. Nf3 Nc6 3. Bc4 Nf6 4. d3 d6 5. c3 Be6 6. Nbd2 Bxc4 7. Nxc4 Be7 8. Ne3 g6 9. Nd5 Nxd5 10. exd5 Nb8 11. Bh6 Bf8 12. Qd2 Nd7 13. O-O-O c5 14. d4 Qa5 15. dxe5 dxe5 16. Bxf8 Rxf8 17. Rhe1 O-O-O 18. Kb1 f6 19. c4 Qxd2 20. Nxd2 f5 21. Nf3 e4 22. Ng5 Rde8 23. Ne6 Rf7 24. f3 exf3 25. gxf3 b6 26. h4 Rfe7 27. Rg1 Nf8 28. Nf4 Re3 29. Rg3 Kd7 30. h5 g5 31. Rxg5 Rxf3 32. Rxf5 Re4 33. Rxf8 Rexf4 34. Ra8 Rxc4 35. Rxa7+ Kd6 36. Rxh7 Rf2 37. Rh6+ Kc7 38. Rg1 Kb7 39. Rc1 Rd4 40. Rg1 Rdd2 41. Rhg6 Rxb2+ 42. Kc1 Rxa2 43. Kb1 Rfb2+ 44. Kc1 Rh2 45. Kb1 Rad2 46. d6 Rxh5 47. Rf1 Rhd5 48. Rf7+ Ka6 49. Rff6 Ka5 50. d7 b5 51. Ra6+ Kb4 52. Rg4+ c4 53. Ra7 Rd1+ 0-1


[Site "https://www.chess.com"]

[Event "Titled Tuesday Blitz December 27 Late 2022"]
[White "Poltorak, Sebastian"]
[Black "Dias, Joao Batista"]
[WhiteFideId "1199498"]
[BlackFideId "2108240"]
[WhiteElo "2354"]
[BlackElo "1796"]
[Result "1-0"]
[Round "01"]
[TimeControl "180+2"]
[Date "2022.12.27"]
[WhiteClock "0:01:26"]
[BlackClock "0:00:30"]

1. d4 d5 2. c4 c6 3. Nf3 Nf6 4. e3 g6 5. b3 Bg7 6. Bb2 O-O 7. Nbd2 Nbd7 8. Bd3 Re8 9. O-O Qc7 10. Rc1 Qb8 11. Qe2 e5 12. dxe5 Nxe5 13. Bxe5 Rxe5 14. Nxe5 Qxe5 15. Nf3 Qh5 16. cxd5 Nxd5 17. Bc4 Be6 18. Bxd5 Bxd5 19. e4 Re8 20. Rfe1 Rxe4 21. Qd3 Rxe1+ 22. Rxe1 Bf6 23. Re8+ Kg7 24. h3 Qh6 25. Qd2 Qh5 26. Qf4 Be6 27. Qb8 Kh6 28. Rg8 Bg7 29. Qf4+ g5 30. Qe3 Bd5 31. Nxg5 Qxg5 32. Qxg5+ Kxg5 33. Rxg7+ Kf6 34. Rxh7 a5 35. f3 a4 36. bxa4 Bxa2 37. Kf2 b5 38. a5 b4 39. Rh6+ Ke7 40. Rxc6 Bd5 41. Rb6 b3 42. a6 Kd7 43. a7 Kc7 44. Rxb3 1-0


[Site "https://www.chess.com"]

[Event "Titled Tuesday Blitz December 27 Late 2022"]
[White "Preotu, Razvan"]
[Black "Melikhov, Evgeny V."]
[WhiteFideId "2613280"]
[BlackFideId "4122046"]
[WhiteElo "2475"]
[BlackElo "2269"]
[Result "1-0"]
[Round "01"]
[TimeControl "180+2"]
[Date "2022.12.27"]
[WhiteClock "0:01:03"]
[BlackClock "0:00:02"]

1. e4 e5 2. Nf3 Nc6 3. Bc4 Nf6 4. d3 Be7 5. O-O O-O 6. Re1 d6 7. a4 Be6 8. Nbd2 Qd7 9. a5 Nd4 10. c3 Nxf3+ 11. Nxf3 b5 12. Bxe6 Qxe6 13. d4 a6 14. Bg5 h6 15. Bxf6 Bxf6 16. d5 Qd7 17. b4 g6 18. Qd3 Bg7 19. c4 Rab8 20. c5 f5 21. Rac1 f4 22. cxd6 cxd6 23. Rc6 g5 24. Rec1 g4 25. Nh4 f3 26. Ng6 Rf7 27. Rc7 Qxc7 28. Rxc7 Rxc7 29. gxf3 gxf3 30. Qxf3 Rf7 31. Qg4 1-0


[Site "https://www.chess.com"]

[Event "Titled Tuesday Blitz December 27 Late 2022"]
[White "Prieto Aranguren, Alain"]
[Black "Goltseva, Ekaterina"]
[WhiteFideId "2268906"]
[BlackFideId "24173770"]
[WhiteElo "2258"]
[BlackElo "2283"]
[Result "0-1"]
[Round "01"]
[TimeControl "180+2"]
[Date "2022.12.27"]
[WhiteClock "0:00:16"]
[BlackClock "0:00:18"]

1. e4 e5 2. Nf3 Nc6 3. Bc4 Nf6 4. O-O Be7 5. Nc3 O-O 6. Re1 d6 7. h3 Na5 8. Bf1 c5 9. d3 h6 10. Bd2 Nc6 11. Nb1 b5 12. a4 b4 13. b3 Be6 14. Bc1 d5 15. Nbd2 Qc7 16. Bb2 dxe4 17. Nxe4 Nd7 18. Nfd2 f5 19. Ng3 Bd5 20. Nc4 Bxc4 21. dxc4 Nd4 22. Bxd4 cxd4 23. f4 Bh4 24. Qf3 exf4 25. Nh5 Bxe1 26. Rxe1 Rae8 27. Qd5+ Kh8 28. Qxd4 Qc5 29. Qxc5 Nxc5 30. Rd1 Rd8 31. Rd5 Rxd5 32. cxd5 g5 33. Bc4 Kh7 34. g4 Kg6 35. Kf2 fxg4 36. hxg4 Re8 37. Bb5 Re5 38. Bc6 Ne4+ 39. Kf3 Nf6 40. Nxf6 Kxf6 41. d6 Ke6 42. d7 Ke7 43. Bb5 Rc5 44. Ke4 Rxc2 45. Kf5 f3 46. Kg6 f2 47. Kxh6 Rc1 48. Kxg5 f1=Q 49. Bxf1 Rxf1 50. Kg6 Kxd7 51. g5 Rf3 52. Kh6 Rxb3 53. g6 Rg3 0-1


[Site "https://www.chess.com"]

[Event "Titled Tuesday Blitz December 27 Late 2022"]
[White "Quinones Garcia, Santiago"]
[Black "Pakleza, Zbigniew"]
[WhiteFideId "4408497"]
[BlackFideId "1119290"]
[WhiteElo "2248"]
[BlackElo "2494"]
[Result "0-1"]
[Round "01"]
[TimeControl "180+2"]
[Date "2022.12.27"]
[WhiteClock "0:00:09"]
[BlackClock "0:00:15"]

1. d4 d6 2. c4 e5 3. dxe5 dxe5 4. Qxd8+ Kxd8 5. Nf3 f6 6. Nc3 Be6 7. e3 c6 8. b3 Kc7 9. Bb2 a5 10. Be2 Nd7 11. O-O Nc5 12. Rfd1 Nh6 13. Nd2 a4 14. Rab1 axb3 15. axb3 Be7 16. Nce4 Bf5 17. Bf3 Ra2 18. Bc3 Rd8 19. h3 Nf7 20. Rbc1 Bxe4 21. Bxe4 Rdxd2 22. Rxd2 Rxd2 23. Bxd2 Nxe4 24. Be1 Nc5 25. Rb1 Nd3 26. Bc3 Bb4 27. Ba1 Nd6 28. f3 Nf5 29. e4 Ne3 30. Bb2 Nxb2 31. Rxb2 Bc5 32. Kh2 Bd4 33. Ra2 h5 34. h4 g5 35. hxg5 fxg5 36. Ra8 g4 37. Rh8 Kb6 38. Kg3 Nf1+ 39. Kh4 gxf3 40. gxf3 Nd2 41. b4 Nxf3+ 42. Kxh5 Nd2 43. c5+ Kb5 44. Rb8 Kxb4 45. Rxb7+ Kxc5 46. Kg4 Nxe4 47. Kf3 Nc3 48. Re7 e4+ 49. Kf4 Kc4 50. Rh7 c5 51. Rb7 e3 52. Ra7 e2 53. Re7 Kd3 54. Kf3 Kd2 0-1


[Site "https://www.chess.com"]

[Event "Titled Tuesday Blitz December 27 Late 2022"]
[White "Rangel, Daniel"]
[Black "Xiong, Jeffery"]
[WhiteFideId "2124475"]
[BlackFideId "2047640"]
[WhiteElo "2207"]
[BlackElo "2692"]
[Result "0-1"]
[Round "01"]
[TimeControl "180+2"]
[Date "2022.12.27"]
[WhiteClock "0:00:01"]
[BlackClock "0:00:57"]

1. c4 g6 2. g3 Bg7 3. Bg2 Nc6 4. Nc3 d6 5. e3 h5 6. h4 a6 7. Nge2 Rb8 8. b3 Bd7 9. Bb2 b5 10. d3 Ne5 11. Qd2 Bg4 12. Nd4 c5 13. Nc6 Nxc6 14. Bxc6+ Kf8 15. Bg2 Nf6 16. O-O Kg8 17. Nd5 Nxd5 18. cxd5 e5 19. dxe6 Bxe6 20. Bxg7 Kxg7 21. Qc3+ Qf6 22. Qxf6+ Kxf6 23. Rfc1 Rhc8 24. Kf1 b4 25. Ke2 a5 26. Kd2 a4 27. bxa4 d5 28. Rab1 c4 29. dxc4 dxc4 30. a5 c3+ 31. Ke1 Bxa2 32. Ra1 b3 33. a6 b2 34. a7 Ra8 35. Bxa8 Rxa8 36. Kd1 Rxa7 37. Kc2 Bb3+ 38. Kxb3 Rxa1 0-1


[Site "https://www.chess.com"]

[Event "Titled Tuesday Blitz December 27 Late 2022"]
[White "Remolar Gallen, Jose"]
[Black "Domingo Nunez, Ruben"]
[WhiteFideId "2215187"]
[BlackFideId "22245570"]
[WhiteElo "2285"]
[BlackElo "2416"]
[Result "1/2-1/2"]
[Round "01"]
[TimeControl "180+2"]
[Date "2022.12.27"]
[WhiteClock "0:00:16"]
[BlackClock "0:00:11"]

1. d4 g6 2. e4 Bg7 3. Nc3 c6 4. f4 d5 5. e5 f6 6. Nf3 Nh6 7. Bd3 Bg4 8. Be3 O-O 9. O-O fxe5 10. fxe5 Nf5 11. Bf2 Bxf3 12. Qxf3 e6 13. Qh3 Qb6 14. Ne2 Nd7 15. g4 Ne7 16. Bh4 Rae8 17. Rxf8+ Nxf8 18. Rf1 Qc7 19. Bf6 c5 20. c3 Nc6 21. Qh4 cxd4 22. cxd4 Nd7 23. Bxg7 Kxg7 24. Rf7+ Kxf7 25. Qxh7+ Kf8 26. Bxg6 Ndxe5 27. Qxc7 Nxg6 28. Qxb7 Nce7 29. h4 Nxh4 30. Nf4 Nf3+ 31. Kf2 Nxd4 32. Qxa7 e5 33. Nh5 Rc8 34. Qd7 Rc2+ 35. Kg3 Rxb2 36. Nf6 Rb8 37. Nxd5 Ndc6 38. Nxe7 Nxe7 39. Qd6 Rb5 40. Qf6+ Ke8 41. g5 e4 42. g6 Rf5 43. Qh8+ Kd7 44. Qd4+ Ke6 45. Qxe4+ Kf6 46. g7 Rg5+ 47. Kh4 Nf5+ 48. Kh3 Rg3+ 49. Kh2 Rxg7 50. a4 Rh7+ 51. Kg2 Rg7+ 52. Kf2 Re7 53. Qc6+ Re6 54. Qc3+ Kg5 55. a5 Nd6 56. Qd2+ Kf6 57. Qd4+ Ke7 58. a6 Rf6+ 59. Qxf6+ Kxf6 60. a7 Ne4+ 61. Kg2 Nc5 62. a8=Q Ne6 63. Qd5 Nf4+ 64. Kf3 Nxd5 1/2-1/2


[Site "https://www.chess.com"]

[Event "Titled Tuesday Blitz December 27 Late 2022"]
[White "Rian, Kapriaga"]
[Black "Kunin, Vitaly"]
[WhiteFideId "7103263"]
[BlackFideId "4128737"]
[WhiteElo "2089"]
[BlackElo "2517"]
[Result "0-1"]
[Round "01"]
[TimeControl "180+2"]
[Date "2022.12.27"]
[WhiteClock "0:00:13"]
[BlackClock "0:01:22"]

1. d4 d5 2. Nf3 Nf6 3. Bf4 c5 4. e3 Nc6 5. Nbd2 e6 6. c3 Be7 7. Bd3 Nh5 8. Be5 Nxe5 9. Nxe5 Nf6 10. O-O Qc7 11. f4 g6 12. Qf3 Bd7 13. Rac1 Qb6 14. Rb1 Rf8 15. b4 c4 16. Bc2 O-O-O 17. e4 Kb8 18. a4 Qc7 19. a5 Bb5 20. exd5 Nxd5 21. Be4 f6 22. Bxd5 fxe5 23. Bxe6 exd4 24. Rbc1 dxc3 25. Qxc3 Bf6 26. Qh3 Rxd2 27. Kh1 c3 28. f5 Bxf1 29. Rxf1 c2 0-1


[Site "https://www.chess.com"]

[Event "Titled Tuesday Blitz December 27 Late 2022"]
[White "Rosen, Eric"]
[Black "Doluhanova, Evgeniya"]
[WhiteFideId "2032562"]
[BlackFideId "14112035"]
[WhiteElo "2349"]
[BlackElo "2275"]
[Result "1-0"]
[Round "01"]
[TimeControl "180+2"]
[Date "2022.12.27"]
[WhiteClock "0:01:01"]
[BlackClock "0:00:46"]

1. d4 Nf6 2. Bf4 e6 3. e3 d5 4. Nf3 Bd6 5. Ne5 Nbd7 6. Nd2 O-O 7. Bd3 Qe7 8. c3 Ne8 9. Qh5 g6 10. Qh6 f6 11. Nxd7 Bxd7 12. O-O-O Qg7 13. Qxg7+ Kxg7 14. Bg3 Rc8 15. e4 dxe4 16. Nxe4 Be7 17. Rhe1 b6 18. f3 Nd6 19. Nd2 Rfd8 20. h4 h5 21. d5 e5 22. f4 Bg4 23. fxe5 fxe5 24. Bxe5+ Bf6 25. Bxf6+ Kxf6 26. Rf1+ Kg7 27. Rde1 Re8 28. Nb3 Nf5 29. Bxf5 Bxf5 30. Nd4 Bd7 31. Kd2 Kh6 32. Rxe8 Rxe8 33. Rf7 Rd8 34. c4 a5 35. Nf3 1-0


[Site "https://www.chess.com"]

[Event "Titled Tuesday Blitz December 27 Late 2022"]
[White "Rustemov, Alexander"]
[Black "Dzierzak, Radoslaw"]
[WhiteFideId "4119002"]
[BlackFideId "1161407"]
[WhiteElo "2525"]
[BlackElo "2220"]
[Result "0-1"]
[Round "01"]
[TimeControl "180+2"]
[Date "2022.12.27"]
[WhiteClock "0:00:36"]
[BlackClock "0:00:41"]

1. d4 Nf6 2. c4 e6 3. Nf3 Bb4+ 4. Bd2 a5 5. g3 d6 6. Bg2 Nbd7 7. O-O e5 8. Bg5 exd4 9. Nxd4 h6 10. Bc1 O-O 11. b3 c6 12. Bb2 Bc5 13. Nc3 Ne5 14. h3 Re8 15. e3 Bd7 16. Kh2 h5 17. Nf3 Qc7 18. Rc1 Rad8 19. Ne2 Nxf3+ 20. Bxf3 Ne4 21. Nf4 h4 22. gxh4 d5 23. cxd5 Bd6 24. Bxe4 Bxf4+ 25. exf4 Qxf4+ 26. Kg2 Qxe4+ 27. Qf3 Bxh3+ 28. Kg3 Qxf3+ 29. Kxf3 Bxf1 30. Rxf1 Rxd5 31. Rg1 Rf5+ 32. Kg3 Re2 33. Bd4 Re4 34. Be3 a4 35. Rd1 Rd5 36. Rc1 axb3 37. axb3 Rb4 38. Rc3 Rdb5 39. Rd3 Rd5 40. Rc3 f6 41. Bc5 Re4 42. Be3 Kf7 43. f3 Rb4 44. Bc5 Rb5 45. b4 b6 46. Be3 Rd6 47. Rc4 Re6 48. Kf2 Ke7 49. Bd2 Kd7 50. Rg4 Re7 51. Rd4+ Rd5 52. Bc3 Rxd4 53. Bxd4 Kc7 54. h5 Rd7 55. Ke3 Rd5 56. h6 gxh6 57. Bxf6 c5 58. bxc5 Rxc5 59. Ke4 Kd7 60. f4 Ke6 61. Bb2 Rc4+ 62. Bd4 h5 63. f5+ Kf7 64. Kd5 Rxd4+ 65. Kxd4 h4 66. Ke4 b5 0-1


[Site "https://www.chess.com"]

[Event "Titled Tuesday Blitz December 27 Late 2022"]
[White "Sadilek, Peter"]
[Black "Vasquez Schroeder, Rodrigo"]
[WhiteFideId "1616439"]
[BlackFideId "3400042"]
[WhiteElo "2314"]
[BlackElo "2524"]
[Result "0-1"]
[Round "01"]
[TimeControl "180+2"]
[Date "2022.12.27"]
[WhiteClock "0:00:12"]
[BlackClock "0:01:59"]

1. d4 Nf6 2. c4 e6 3. g3 c5 4. Nf3 cxd4 5. Nxd4 d5 6. Bg2 e5 7. Nf3 d4 8. O-O Nc6 9. e3 Be7 10. exd4 exd4 11. Bf4 Be6 12. Ne5 Rc8 13. Nxc6 bxc6 14. Qa4 Qd7 15. Nd2 c5 16. Qxd7+ Nxd7 17. Bb7 Kd8 18. Bxc8 Kxc8 19. Ne4 Kb7 20. b3 Kc6 21. Rfe1 h6 22. h4 Rg8 23. Bc1 Ne5 24. Ng5 hxg5 25. Rxe5 gxh4 26. Bg5 Bd6 27. Bf4 Bxe5 28. Bxe5 f6 29. Bf4 g5 30. Re1 Kd7 31. Bd2 hxg3 32. fxg3 Rh8 33. Kg2 Kd6 34. Rf1 Rh6 35. Re1 Bd7 36. Kg1 Bc6 37. Rf1 Ke5 38. Kf2 Rh2+ 39. Ke1 Be4 40. Rf2 Rh3 0-1


[Site "https://www.chess.com"]

[Event "Titled Tuesday Blitz December 27 Late 2022"]
[White "Schmidt, Harald"]
[Black "Mroziak, Maciej"]
[WhiteFideId "4648358"]
[BlackFideId "1139665"]
[WhiteElo "2347"]
[BlackElo "2338"]
[Result "1/2-1/2"]
[Round "01"]
[TimeControl "180+2"]
[Date "2022.12.27"]
[WhiteClock "0:00:07"]
[BlackClock "0:00:16"]

1. c4 e6 2. g3 d5 3. Bg2 Nf6 4. b3 c6 5. Bb2 Nbd7 6. Nf3 Bd6 7. O-O O-O 8. d4 Qe7 9. Nc3 Re8 10. e3 b6 11. cxd5 exd5 12. Rc1 Bb7 13. Qd3 a6 14. Rfd1 Ne4 15. Nd2 Ndf6 16. Ndxe4 Nxe4 17. Nxe4 dxe4 18. Qc2 h5 19. Qc3 Bb4 20. Qc2 h4 21. Qc4 b5 22. Qe2 Qg5 23. a4 Rad8 24. Bc3 Ba3 25. Ra1 Bd6 26. Ba5 Rc8 27. Rdc1 Qf5 28. Bb6 h3 29. Bf1 Bb4 30. Bc5 a5 31. axb5 cxb5 32. Qxb5 Bc6 33. Qa6 Bd5 34. Bxb4 axb4 35. Rxc8 Rxc8 36. Qb5 Rc2 37. Be2 g5 38. g4 Qc8 39. Qxd5 Rc1+ 40. Rxc1 Qxc1+ 41. Bf1 Qd1 42. Qxg5+ Kf8 43. Qc5+ Kg7 44. Qf5 Qxb3 45. Qxe4 Qd1 46. Qe5+ Kf8 47. Qc5+ Kg8 48. Qg5+ Kf8 49. Qh6+ Ke8 50. Qxh3 b3 51. d5 b2 52. Qh8+ Kd7 53. Qxb2 Qxg4+ 54. Kh1 Qf3+ 55. Kg1 Qg4+ 56. Kh1 Qf3+ 57. Kg1 Qg4+ 1/2-1/2


[Site "https://www.chess.com"]

[Event "Titled Tuesday Blitz December 27 Late 2022"]
[White "Senthil, Maran K"]
[Black "Baskakov, Egor"]
[WhiteFideId "25035681"]
[BlackFideId "24197866"]
[WhiteElo "2209"]
[BlackElo "2215"]
[Result "0-1"]
[Round "01"]
[TimeControl "180+2"]
[Date "2022.12.27"]
[WhiteClock "0:00:12"]
[BlackClock "0:01:52"]

1. d4 Nf6 2. c4 e6 3. g3 d5 4. Bg2 Be7 5. Nf3 O-O 6. Qc2 Ne4 7. O-O f5 8. Nc3 c6 9. Rb1 Bd7 10. b4 Be8 11. a4 Nd7 12. Bf4 g5 13. Be3 Bg6 14. Nxe4 dxe4 15. Ne5 Nxe5 16. dxe5 f4 17. Bc5 e3 18. Be4 Bxe4 19. Qxe4 Bxc5 20. bxc5 exf2+ 21. Rxf2 fxg3 22. Rxf8+ Qxf8 23. hxg3 Qxc5+ 24. Kg2 Rf8 25. Rxb7 Qf2+ 26. Kh3 Qf1+ 27. Kg4 Rf5 28. Re7 a5 29. Rxe6 h5+ 30. Kxh5 Qh3+ 31. Kg6 Qh7# 0-1


[Site "https://www.chess.com"]